 Dungeon Crawl Stone Soup version 0.30.0-29-ga12c61a403 (webtiles) character file.

Game seed: 16992068193872782062

32 seaoflcl the Trooper (level 3, 0/29 HPs)
             Began as a Human Fighter on June 4, 2023.
             Slain by an adder (2 damage)
             ... on level 2 of the Dungeon.
             The game lasted 00:01:30 (1033 turns).

seaoflcl the Trooper (Human Fighter)                Turns: 1033, Time: 00:01:30

Health: 0/29       AC:  8    Str: 18    XL:     3   Next: 42%
Magic:  3/3        EV:  9    Int:  8    God:
Gold:   37         SH:  4    Dex: 12    Spells: 2/2 levels left

rFire   . . .        a - +0 long sword
rCold   . . .        c - +0 buckler
rNeg    . . .        b - +0 scale mail
rPois   .            (no helmet)
rElec   .            (no cloak)
rCorr   .            l - +0 pair of gloves
SInv    .            (no boots)
Will    .....        (no amulet) Stlth
                     (no ring)
HPRegen 0.24/turn    (no ring)
MPRegen 0.08/turn

%: no passive effects
@: no status effects
A: no striking features
a: no special abilities


You were on level 2 of the Dungeon.
You visited 1 branch of the dungeon, and saw 2 of its levels.

You collected 37 gold pieces.

Inventory:

Hand Weapons
 a - a +0 long sword (weapon)
 j - a +0 sling
Missiles
 e - 2 atropa-tipped darts (quivered)
Armour
 b - a +0 scale mail (worn)
 c - a +0 buckler (worn)
 l - a +0 pair of gloves (worn)
Scrolls
 h - a scroll of fog {unknown}
 i - a scroll of fear {unknown}
 k - 2 scrolls of identify {unknown}
 m - a scroll of brand weapon {unknown}
 o - a scroll of magic mapping {unknown}
Potions
 d - a potion of might
 f - 2 potions of mutation {unknown}
 g - a potion of curing {unknown}
 n - 3 potions of heal wounds {unknown}


   Skills:
 + Level 3.4 Fighting
 + Level 2.2 Long Blades
 + Level 3.3 Armour
 + Level 3.4 Shields


You had 2 spell levels left.
You didn't know any spells.
Your spell library contained the following spells:

 Spells                   Type           Power      Damage    Failure   Level
 Gell's Gravitas          Tloc           0%         N/A       99%         3
 Teleport Other           Tloc           0%         N/A       99%         3
 Anguish                  Hex/Necr       0%         N/A       100%        4
 Cause Fear               Hex            0%         N/A       100%        4
 Dispersal                Tloc           0%         N/A       100%        6
 Enfeeble                 Hex            0%         N/A       100%        7


Dungeon Overview and Level Annotations

Branches:
Dungeon (2/15)

Altars:


Message History

You are frozen.
You are too injured to fight recklessly!
You are too injured to fight recklessly!
You are too injured to fight recklessly!
You are too injured to fight recklessly!
You are too injured to fight recklessly!
You are too injured to fight recklessly!
You are too injured to fight recklessly!
You are too injured to fight recklessly!
You feel sick.
You feel sick.
You feel sick.
You are no longer poisoned.
The adder bites you but does no damage.
You hit the adder.
The adder is moderately wounded.
The adder barely misses you.
You hit the adder.
The adder is heavily wounded.
The adder barely misses you. You block the endoplasm's attack.
The adder barely misses you.
You miss the adder.
The adder is heavily wounded.
The adder bites you but does no damage.
The endoplasm hits you but does no damage.
The adder bites you but does no damage.
You miss the adder.
The adder is heavily wounded.
The endoplasm freezes you.
You are frozen.
* * * LOW HITPOINT WARNING * * *
The adder bites you.
* * * LOW HITPOINT WARNING * * *
The endoplasm freezes you.
You are frozen.
* * * LOW HITPOINT WARNING * * *
The adder attacks as you move away! The adder closely misses you.
You block the adder's attack. The adder attacks as you move away!
The adder bites you.
You die...

##### #############
#...## #...........#
#.##.##
#.......###.####.###.##
#.###.........@SJ..##.#
###.#.........######.#.##
........#............###
<##.....#.........###.
.##.#..........#...# .#
............[....#.. ..
.##.#...#.##...#.. # .##
.##...........###)# .#
.......##.. ##


You could see an adder and an endoplasm.

Vanquished Creatures
  A dart slug (D:1)
  4 endoplasms (D:1)
  3 giant cockroaches (D:1)
  2 goblins (D:1)
  4 hobgoblins (D:1)
  2 quokkas (D:1)
  A ball python (D:1)
  2 bats (D:1)
  3 frilled lizards (D:1)
  2 kobolds (D:1)
  2 rats (D:1)
26 creatures vanquished.

Notes
Turn   | Place    | Note
-------+----------+-------------------------------------------
     0 | D:1      | seaoflcl the Human Fighter began the quest for the Orb.
     0 | D:1      | Reached XP level 1. HP: 18/18 MP: 1/1
   280 | D:1      | Reached XP level 2. HP: 22/24 MP: 2/2
   432 | D:1      | Reached XP level 3. HP: 29/29 MP: 3/3
   577 | D:1      | Found a faded altar of an unknown god.
  1033 | D:2      | Slain by an adder

Illustrated notes

Levels and vault maps discovered:
D:1:      nicolae_arrival_somewhat_less_tricky_arrival, layout_basic,
          dreamdust_ecumenical_altar_angels_and_demons
D:2:      layout_loops_ring, amethyst_killhole, nicolae_figureground_sparkle,
          uniq_natasha, uniq_robin

Action                     || total
---------------------------++-------
  Melee: Long sword        ||    73
 Armour: Scale mail        ||    39
  Dodge: Dodged            ||    31
  Block: Buckler           ||    19
